 Dungeon Crawl Stone Soup version 0.31-a0-986-g5e6e4ef867 (webtiles) character file.

Game seed: 770219667579371385

637 lunkers the Martial Artist (level 8, -2/54 HPs)
             Began as a Meteoran Shapeshifter on Nov 8, 2023.
             Slain by a gnoll
             ... wielding a +0 spear
             ... led by a gnoll bouda
              (6 damage)
             ... on level 4 of the Dungeon.
             The game lasted 00:04:21 (2006 turns).

lunkers the Martial Artist (Meteoran Shapeshifter)  Turns: 2006, Time: 00:04:22

Health: -2/54      AC:  6    Str: 15    XL:     8   Next: 7%
Magic:  9/9        EV: 11    Int: 11    God:
Gold:   188        SH:  0    Dex: 17    Spells: 7/7 levels left

rFire   . .          .
                       - Unarmed
rCold   . . .        (shield currently unavailable)
rNeg    . . .        e - +1 ring mail
rPois   .            (no helmet)
rElec   .            (no cloak)
rCorr   .            (no gloves)
SInv    .            (no boots)
Will    +....        (no amulet)
Stlth   +            (no ring)
HPRegen 0.29/turn    (no ring)
MPRegen 0.11/turn

%: no passive effects
@: flux-form, weakened, glowing, studying Armour
A: glow, contaminating, reduced hp, sense surroundings 1, otherworldly, glowing,
explore regen
a: Begin Untransformation


You were on level 4 of the Dungeon.
You were something dangerously unstable.
You visited 1 branch of the dungeon, and saw 4 of its levels.

You collected 188 gold pieces.

Inventory:

Armour
 a - a +0 animal skin
 e - a +1 ring mail (worn)
Talismans
 c - a beast talisman
 d - a flux talisman (active)
Wands
 b - a wand of iceblast (3)
 j - a wand of charming (5)
 l - a wand of polymorph (5)
 o - a wand of mindburst (7)
Scrolls
 h - a scroll of enchant weapon
 p - a scroll of fear {unknown}
 q - a scroll of immolation {unknown}
Potions
 f - 3 potions of curing
 g - 2 potions of brilliance {unknown}
 i - a potion of attraction {unknown}
 k - a potion of ambrosia {unknown}
 m - a potion of haste {unknown}
 n - a potion of heal wounds {unknown}


   Skills:
 - Level 1.1 Fighting
 - Level 2.1 Dodging
 * Level 8.5 Unarmed Combat
 + Level 6.2 Shapeshifting


You had 7 spell levels left.
You didn't know any spells.
Your spell library contained the following spells:

 Spells                   Type           Power      Damage    Failure   Level
 Slow                     Hex            0%         N/A       56%         1
 Poisonous Vapours        Pois/Air       0%         N/A       71%         2
 Mephitic Cloud           Conj/Pois/Air  0%         N/A       91%         3
 Manifold Assault         Tloc           0%         N/A       100%        4
 Freezing Cloud           Conj/Ice/Air   0%         6-21      100%        5
 Summon Forest            Summ/Tloc      0%         N/A       100%        5
 Summon Mana Viper        Hex/Summ       0%         N/A       100%        5
 Summon Cactus Giant      Summ           0%         N/A       100%        6
 Malign Gateway           Summ/Tloc      0%         N/A       100%        7


Dungeon Overview and Level Annotations

Branches:
Dungeon (4/15) Zot: 418
 Temple: D:4-7

Altars:
Kikubaaqudgha
Trog


Innate Abilities, Weirdness & Mutations

You are something dangerously unstable.
You glow with magical radiation, making you easy to see and hit.
Foes you strike become dangerously contaminated with magical radiation.
Your maximum health is decreased, since you lack skill for your form.
You are incapable of wielding weapons or throwing items.
You passively map a small area around you.
You are easily found by Zot.
You glow in the dark.
You regain HP and MP as you explore.


Message History

You kill the gnoll bouda!
The gnoll is no longer moving quickly.
Unknown command.
You hit the gnoll.
The gnoll begins to glow.
The gnoll is moderately wounded.
The gnoll barely misses you.
Unknown command.
You barely miss the gnoll.
The gnoll is moderately wounded.
The gnoll hits you with a +0 whip.
* * * LOW HITPOINT WARNING * * *
The gnoll misses you.
You hit the gnoll.
The gnoll glows dangerously bright.
The gnoll is heavily wounded.
The gnoll hits you with a +0 whip.
* * * LOW HITPOINT WARNING * * *
The gnoll closely misses you.
You hit the gnoll.
The gnoll shudders as magic cascades through it.
You kill the gnoll!
A gnoll comes into view. It is wielding a +0 spear.
The gnoll barely misses you.
Unknown command.
The gnoll closely misses you.
Okay, then.
You closely miss the gnoll. The quokka closely misses you.
The gnoll barely misses you. The gnoll hits you but does no damage.
Unknown command.
You hit the gnoll.
The gnoll begins to glow.
The gnoll is moderately wounded.
The quokka barely misses you. The gnoll barely misses you.
The gnoll hits you from afar with a +0 spear.
* * * LOW HITPOINT WARNING * * *
You hit the gnoll.
The gnoll glows dangerously bright.
The gnoll is heavily wounded.
The gnoll is no longer moving quickly.
The quokka bites you.
* * * LOW HITPOINT WARNING * * *
The gnoll hits you but does no damage.
The gnoll hits you from afar with a +0 spear.
You die...

# #.#######...#.... #
###.# #....... #
##.#.########...... , *
# #...............#.# *
*,* #
##.#.#######....#.# , #
#.#)..).)).......# ,# *
#
#.#.#######.#.##.###.#.#
*, # #.#)#
#.#.##g).....) # #.#)#
#..prgg......# # #.#.#
#.g#########.# ,
####.#.# #..# * **
..o....# #..# .###o#.#
#..# * , , .# * #.# #...
, .# ... , .... , , .# *
##. * *##.## ,,, ,, , .#
* *


You could see 3 gnolls, a quokka and a goblin.

Vanquished Creatures
  Grinder (D:4)
  Edmund (D:4)
  An acid dragon (D:4)
  A gnoll bouda (D:4)
  Terence (D:3)
  5 gnolls (D:4)
  4 adders
  2 worms
  3 dart slugs
  12 orcs
  An endoplasm (D:1)
  2 goblins
  4 hobgoblins
  3 jackals (D:4)
  3 quokkas (D:1)
  8 ball pythons
  5 bats
  4 kobolds
  9 rats
70 creatures vanquished.

Notes
Turn   | Place    | Note
-------+----------+-------------------------------------------
     0 | D:1      | lunkers the Meteoran Shapeshifter began the quest for the
                  | Orb.
     0 | D:1      | Reached XP level 1. HP: 16/16 MP: 2/2
    85 | D:1      | Reached skill level 4 in Unarmed Combat
    85 | D:1      | Reached XP level 2. HP: 23/23 MP: 3/3
   371 | D:2      | Identified the "Wiabreteup"
   389 | D:2      | Reached XP level 3. HP: 28/28 MP: 4/4
  1168 | D:3      | Noticed a moth of wrath
  1171 | D:3      | Found a bloodstained altar of Trog.
  1189 | D:3      | Reached XP level 4. HP: 27/35 MP: 5/5
  1262 | D:3      | Noticed Terence
  1266 | D:3      | Reached skill level 5 in Unarmed Combat
  1277 | D:3      | Killed Terence
  1311 | D:3      | Reached XP level 5. HP: 40/40 MP: 6/6
  1349 | D:3      | Identified a scroll of acquirement
  1349 | D:3      | Acquired a manual of Armour
  1356 | D:3      | Found an ancient bone altar of Kikubaaqudgha.
  1722 | D:4      | Noticed Pikel
  1722 | D:4      | Noticed a lemure
  1731 | D:4      | Pikel changed into Pikel the acid dragon
  1731 | D:4      | Noticed Pikel
  1762 | D:4      | Killed Pikel the acid dragon
  1763 | D:4      | Reached skill level 6 in Unarmed Combat
  1763 | D:4      | Reached skill level 5 in Shapeshifting
  1763 | D:4      | Reached XP level 6. HP: 16/47 MP: 7/7
  1792 | D:4      | Noticed Edmund
  1798 | D:4      | Killed Edmund
  1799 | D:4      | Reached skill level 7 in Unarmed Combat
  1799 | D:4      | Reached XP level 7. HP: 37/52 MP: 8/8
  1831 | D:4      | Noticed Grinder
  1840 | D:4      | Killed Grinder
  1841 | D:4      | Reached skill level 8 in Unarmed Combat
  1984 | D:4      | Reached XP level 8. HP: 35/59 MP: 9/9
  2006 | D:4      | Slain by a gnoll

Illustrated notes

Levels and vault maps discovered:
D:1:      scummos_arrival_forest, layout_loops_ring
D:2:      layout_basic, nrook_mini_vaults, minmay_snake_closets
D:3:      layout_basic, mainiacjoe_overflow_alcove_1, tgw_trog, uniq_terence
D:4:      layout_loops_ring, nicolae_tso_swordbearing_angel,
          grunt_temple_overflow_open, st_stairs_14, uniq_grinder, uniq_edmund,
          uniq_pikel

Skill      XL: |  1  2  3  4  5  6  7 |
---------------+----------------------+-----
Unarmed Combat | 4 5 6 7 8 |  8.5
Shapeshifting  | 4 5 6 |  6.2
Fighting       | |  1.1
Dodging        | |  2.1

Action                     |  1- 3 |  4- 6 |  7- 9 || total
---------------------------+-------+-------+-------++-------
  Melee: Unarmed           |    94 |    27 |    94 ||   215
         Punch             |     2 |     1 |       ||     3
  Evoke: Wand              |       |    13 |       ||    13
    Use: Potion            |     1 |       |       ||     1
         Scroll            |       |     7 |       ||     7
 Armour: Ring mail         |    46 |    11 |    46 ||   103
         Skin              |     5 |       |       ||     5
  Dodge: Dodged            |    58 |    19 |    51 ||   128
   Form: Flux              |       |       |     1 ||     1

Table legend: (Time is in decaauts)
 A = Elapsed time spent in this place.
 B = Non-inter-level travel time spent in this place.
 C = Inter-level travel time spent in this place.
 D = Time resting spent in this place.
 E = Time spent auto-exploring this place.
 F = Levels seen in this place.
 G = Mean time per level.
                   A        B        C        D        E       F      G
               +--------+--------+--------+--------+--------+-----+--------+
         Total |   1980 |   1969 |     11 |    104 |   1353 |   4 |  495.0 |
       Dungeon |   1980 |   1969 |     11 |    104 |   1353 |   4 |  495.0 |
               +--------+--------+--------+--------+--------+-----+--------+

Top non-repeatable levels by time:
     D:3: 836 daAuts
     D:2: 465 daAuts
     D:1: 368 daAuts
     D:4: 311 daAuts
